 Dungeon Crawl Stone Soup version 0.17.1-2-g5865329 (webtiles) character file.

8854 hzbbaum the Martial Artist (level 11, -3/97 HPs)
             Began as a Minotaur Monk on Jan 24, 2016.
             Was a High Priest of Trog.
             Slain by a giant frog (6 damage)
             ... on level 2 of the Lair of Beasts.
             The game lasted 01:06:19 (10419 turns).

hzbbaum the Martial Artist (Minotaur Monk)         Turns: 10419, Time: 01:06:19

Health: -3/97      AC: 18    Str: 14    XL:     11   Next: 15%
Magic:  10/10      EV: 11    Int:  7    God:    Trog [*****.]
Gold:   616        SH:  0    Dex: 20    Spells: 0 memorised, 10 levels left

rFire  . . .     SeeInvis .       - Unarmed
rCold  . . .     Clarity  .     K - +1 chain mail
rNeg   . . .     SustAt   .     (no shield)
rPois  .         Gourm    .     (helmet unavailable)
rElec  .         Spirit   .     (no cloak)
rCorr  .         Warding  .     o - +0 pair of gloves
rMut   .         Stasis   .     w - +0 pair of boots
MR     .....                    u - amulet of regeneration
Stlth  ..........               f - +2 ring of dexterity
                                W - +3 ring of protection

@: exhausted, slowed, very slow, not resistant to hostile enchantments,
extremely unstealthy
A: retaliatory headbutt, horns 3, thin skeletal structure 1, blink,
deterioration 1, weak 1, subdued magic 1
a: Blink, Berserk, Trog's Hand, Brothers in Arms, Burn Spellbooks, Renounce
Religion


You were on level 2 of the Lair of Beasts.
You worshipped Trog.
Trog was extremely pleased with you.
You were not hungry.

You visited 3 branches of the dungeon, and saw 12 of its levels.

You collected 616 gold pieces.

Inventory:

Hand Weapons
 h - a +3 scimitar of flaming
 j - the +9 short sword of Gluttony {speed, -Tele +Rage Int+5, unknown}
   (You found it on level 9 of the Dungeon)

   Attacks with this weapon are significantly faster.
   It affects your intelligence (+5).
   It lets you go berserk.
   It prevents most forms of teleportation.
 H - a +4 short sword of draining
 R - a +0 mace of crushing
Missiles
 g - 392 stones (quivered)
Armour
 o - a +0 pair of gloves (worn)
 w - a +0 pair of boots (worn)
 y - a +0 pair of gloves
 A - a +2 helmet
 K - a +1 chain mail (worn)
Jewellery
 e - an uncursed ring of protection from cold
 f - a +2 ring of dexterity (right hand)
 u - an amulet of regeneration (around neck)
 B - a +2 ring of protection
 W - a +3 ring of protection (left hand)
Wands
 m - a wand of slowing (19)
 n - a wand of confusion (26)
Scrolls
 d - a scroll of teleportation
 p - a scroll of enchant armour
 v - a scroll of magic mapping
 x - 8 scrolls of remove curse
 Q - a scroll of enchant weapon
Potions
 c - 2 potions of cancellation
 i - 4 potions of curing
 k - 5 potions of flight
 q - a potion of haste
 r - 2 potions of invisibility
 s - a potion of might
 t - a potion of resistance {unknown}
 z - a potion of poison {unknown}
 C - a potion of magic {unknown}
 D - a potion of heal wounds {unknown}
 E - 2 potions of lignification {unknown}
 N - a potion of agility {unknown}
 S - a potion of cure mutation {unknown}
 T - a potion of brilliance {unknown}
 V - 2 potions of mutation {unknown}
Comestibles
 a - a beef jerky
 b - 4 bread rations
 l - 6 fruits
 L - 3 royal jellies


   Skills:
 + Level 9.1 Fighting
 + Level 0.6 Throwing
 + Level 9.8 Armour
 + Level 7.0 Dodging
 + Level 2.8 Stealth
 * Level 13.5 Unarmed Combat


You had 10 spell levels left.
You didn't know any spells.

Dungeon Overview and Level Annotations

Branches:
Dungeon (9/15)             Temple (1/1) D:4            Lair (2/8) D:9
    Orc: D:9-12

Altars:
Ashenzari
Dithmenos
Elyvilon
Fedhas
Gozag
Kikubaaqudgha
Nemelex Xobeh
Okawaru
Qazlal
Ru
Sif Muna
Trog
Vehumet
Xom
Yredelemnul
Zin
The Shining One

Shops:
D:4 (   D:6 *   D:7 =

Annotations:
D:8 exclusion: oklob plant


Innate Abilities, Weirdness & Mutations

You reflexively headbutt those who attack you in melee.
You have a pair of large horns on your head.
You have a somewhat thin skeletal structure (Dex +2, Stealth).
You can translocate small distances at will.
Your body sometimes deteriorates upon taking damage.
You are weak. (Str -2)
Your spells are a little easier to cast, but a little less powerful.


Message History

The giant frog hits you but does no damage.
The porcupine closely misses you. You furiously retaliate!
You headbutt the porcupine!
You kill the porcupine!
Trog accepts your kill. The giant frog misses you.
The giant frog hits you but does no damage. x2
The giant frog barely misses you. The blink frog hits you.
* * * LOW HITPOINT WARNING * * *
The giant frog hits you.
* * * LOW HITPOINT WARNING * * *
The giant frog hits you but does no damage.
You open the door. The blink frog hits you!
* * * LOW HITPOINT WARNING * * *
The giant frog closely misses you. The giant frog hits you.
* * * LOW HITPOINT WARNING * * *
The blink frog hits you but does no damage.
The giant frog closely misses you. The giant frog misses you.
The blink frog blinks!
The giant frog hits you.
You die...

##........# #####
#.###..#### # ##....(# #
# ##+P.#(#### P.#
#....).†..# ### >...
#..F.....(# #..
.....###......F.(# #..
....P..#F.......$.# #..
.......@F§.......+.( #..
.......#..........#§....
.....#.#.........##..+..
##.. ##..........#####..
## ####+.#.##.# ###
...## ## # .## .#


You could see 2 blink frogs and 2 giant frogs.

Vanquished Creatures
  Erolcha (D:9)
  Erica (Lair:1)
  Sonja (Lair:2)
  A spiny frog (Lair:2)
  A fire drake (Lair:1)
  2 komodo dragons (D:9)
  A troll (D:9)
  A deep elf mage (D:9)
  A basilisk (Lair:1)
  5 yaks (D:9)
  A steam dragon (D:9)
  4 water moccasins
  Menkaure (D:7)
  2 hippogriffs
  2 porcupines
  Duvessa (D:4)
  2 ice beasts
  3 orc warriors
  A black bear (D:6)
  2 phantoms
  A sky beast (D:6)
  2 ogres
  A necrophage (D:9)
  2 centaurs
  6 crocodiles
  3 giant frogs
  A scorpion (D:5)
  Dowan (D:4)
  4 wights (D:8)
  2 crimson imps
  A giant frog skeleton (D:6)
  4 hounds
  7 jellies
  3 orc priests
  3 worker ants
  Jessica (D:3)
  4 iguanas
  5 orc wizards
  Terence (D:3)
  2 killer bee zombies (D:8)
  A hound zombie (D:6)
  4 adders
  17 river rats (Lair:1)
  3 shadow imps
  10 oozes (D:8)
  A worm (D:3)
  An adder zombie (D:5)
  24 orcs
  4 bats
  6 giant cockroaches
  9 hobgoblins
  6 jackals
  2 quokkas
  A ball python (D:1)
  3 giant geckos
  A giant gecko skeleton (D:4)
  A giant newt (D:3)
  4 goblins
  A jackal skeleton (D:6)
  A jackal zombie (D:5)
  5 kobolds
  A quokka skeleton (D:6)
  2 rats
  A fungus (Lair:1)
  2 plants
199 creatures vanquished.

Vanquished Creatures (others)
  9 fungi (D:8)
9 creatures vanquished.

Grand Total: 208 creatures vanquished

Notes
Turn   | Place    | Note
--------------------------------------------------------------
     0 | D:1      | hzbbaum the Minotaur Monk began the quest for the Orb.
     0 | D:1      | Reached XP level 1. HP: 19/19 MP: 0/0
   213 | D:1      | Reached XP level 2. HP: 27/27 MP: 1/1
   952 | D:2      | Reached skill level 5 in Unarmed Combat
   952 | D:2      | Reached XP level 3. HP: 25/33 MP: 2/2
  1728 | D:3      | Noticed Jessica
  1732 | D:3      | Killed Jessica
  1732 | D:3      | Reached skill level 1 in Armour
  1732 | D:3      | Reached XP level 4. HP: 38/40 MP: 3/3
  1745 | D:3      | Noticed Terence
  1754 | D:3      | Killed Terence
  1930 | D:4      | Found Yzeas's Antique Weapon Shop.
  1946 | D:4      | Reached XP level 5. HP: 6/46 MP: 4/4
  2212 | D:4      | Got a translucent leather armour
  2213 | D:4      | Identified the cursed +1 leather armour of Restlessness {rPois rF- Int+3 Dex+2} (You found it on level 4 of the Dungeon)
  2288 | D:4      | Reached skill level 6 in Unarmed Combat
  2319 | D:4      | Found a glowing silver altar of Zin.
  2344 | D:4      | Noticed Dowan
  2352 | D:4      | Killed Dowan
  2452 | D:4      | Reached XP level 6. HP: 19/53 MP: 5/5
  2665 | D:4      | Found a staircase to the Ecumenical Temple.
  2678 | Temple   | Entered the Ecumenical Temple
  2831 | Temple   | Became a worshipper of Trog the Wrathful
  2831 | Temple   | Reached * piety under Trog
  2831 | Temple   | Reached ** piety under Trog
  2857 | D:4      | Noticed Duvessa
  2867 | D:4      | Killed Duvessa
  3261 | D:4      | Found a white marble altar of Elyvilon.
  3527 | D:5      | Entered Level 5 of the Dungeon
  3548 | D:5      | Reached XP level 7. HP: 57/60 MP: 6/6
  3556 | D:5      | Reached skill level 5 in Fighting
  3556 | D:5      | Reached skill level 7 in Unarmed Combat
  3595 | D:5      | Reached skill level 5 in Dodging
  3608 | D:5      | Found a glowing drain.
  4271 | D:5      | Found a radiant altar of Vehumet.
  4713 | D:6      | Gained mutation: Your spells are a little easier to cast, but a little less powerful. [mutagenic meat]
  4768 | D:6      | Gained mutation: You are weak. (Str -2) [mutagenic meat]
  4769 | D:6      | Gained mutation: Your body sometimes deteriorates upon taking damage. [mutagenic meat]
  4770 | D:6      | Gained mutation: You have a pair of large horns on your head. [mutagenic meat]
  4771 | D:6      | Gained mutation: You have a somewhat thin skeletal structure (Dex +2, Stealth). [mutagenic meat]
  4772 | D:6      | Gained mutation: You can translocate small distances at will. [mutagenic meat]
  4930 | D:6      | Found Rantipp's General Store.
  5387 | D:6      | Reached skill level 8 in Unarmed Combat
  5387 | D:6      | Reached XP level 8. HP: 69/69 MP: 7/7
  5888 | D:7      | Found a basalt altar of Yredelemnul.
  5890 | D:7      | Found a shimmering altar of Xom.
  5989 | D:7      | Found Ruixta Locs's Jewellery Shoppe.
  6351 | D:7      | Reached skill level 5 in Armour
  6501 | D:7      | Noticed Menkaure
  6510 | D:7      | Killed Menkaure
  6558 | D:7      | Found a shattered altar of Ashenzari.
  6681 | D:8      | Found an opulent altar of Gozag.
  6774 | D:8      | Reached skill level 9 in Unarmed Combat
  6953 | D:8      | Reached *** piety under Trog
  7001 | D:8      | Noticed an oklob plant
  7025 | D:8      | Reached XP level 9. HP: 71/78 MP: 8/8
  7178 | D:8      | Reached skill level 10 in Unarmed Combat
  7698 | D:9      | Noticed Erolcha
  7720 | D:9      | Killed Erolcha
  7720 | D:9      | Reached skill level 11 in Unarmed Combat
  7730 | D:9      | Reached XP level 10. HP: 33/86 MP: 9/9
  7950 | D:9      | Found a glowing golden altar of the Shining One.
  8097 | D:9      | Reached **** piety under Trog
  8182 | D:9      | Got a dazzling short sword
  8495 | D:9      | Noticed a komodo dragon
  8502 | D:9      | Killed a komodo dragon
  8502 | D:9      | Reached skill level 12 in Unarmed Combat
  8519 | D:9      | Noticed a komodo dragon
  8611 | D:9      | Killed a komodo dragon
  8837 | D:9      | Found a staircase to the Lair.
  9103 | Lair:1   | Entered Level 1 of the Lair of Beasts
  9158 | Lair:1   | Noticed Erica
  9172 | Lair:1   | Killed Erica
  9559 | Lair:1   | Reached skill level 13 in Unarmed Combat
  9631 | Lair:1   | Reached ***** piety under Trog
 10323 | Lair:2   | Reached XP level 11. HP: 88/95 MP: 10/10
 10386 | Lair:2   | Noticed Sonja
 10406 | Lair:2   | Killed Sonja
 10408 | Lair:2   | HP: 4/97 [poisoned by Sonja]
 10418 | Lair:2   | HP: 4/97 [blink frog (13)]
 10419 | Lair:2   | Slain by a giant frog

Action                   |  1- 3 |  4- 6 |  7- 9 | 10-12 || total
-------------------------+-------+-------+-------+-------++-------
Melee: Unarmed           |    82 |   121 |   248 |   225 ||   676
Throw: Stone             |     2 |       |     6 |     9 ||    17
Invok: Berserk           |       |     1 |     3 |     2 ||     6
       Burn Spellbooks   |       |       |     3 |     1 ||     4
  Use: Scroll            |     2 |     6 |    14 |     1 ||    23
       Potion            |       |     1 |       |     4 ||     5
 Stab: Sleeping          |     2 |       |       |       ||     2
  Eat: Chunk             |     1 |     2 |    11 |     3 ||    17
       Meat ration       |     1 |       |     1 |     1 ||     3
       Pizza             |       |     1 |       |       ||     1
       Beef jerky        |       |       |     1 |       ||     1
       Royal jelly       |       |       |     1 |       ||     1
       Bread ration      |       |       |     1 |     1 ||     2
       Fruit             |       |       |       |     1 ||     1
